 Dungeon Crawl Stone Soup version 0.30-a0-586-g23e55c9e0a (webtiles) character file.

Game seed: 9581511727592671239

73 wormed the Covered (level 4, -4/33 HPs)
             Began as a Demonspawn Wanderer on Jan 3, 2023.
             Succumbed to a gnoll's poison
             ... on level 2 of the Dungeon.
             The game lasted 00:03:22 (1643 turns).

wormed the Covered (Demonspawn Wanderer)            Turns: 1643, Time: 00:03:23

Health: -4/33      AC:  4    Str: 13    XL:     4   Next: 8%
Magic:  4/4        EV: 11    Int: 14    God:
Gold:   167        SH:  0    Dex: 13    Spells: 3/3 levels left

rFire   . . .      SeeInvis .    g - +2 hand axe (freeze)
rCold   . . .      Faith    .    (no shield)
rNeg    . . .      Spirit   .    l - +0 leather armour
rPois   .          Reflect  .    (no helmet)
rElec   .          Harm     .    (no cloak)
rCorr   .          Rampage  .    (no gloves)
Will    .....                    r - +0 pair of boots
Stlth   +                        (no amulet)
HPRegen 0.25/turn                (no ring)
MPRegen 0.09/turn                (no ring)

@: lethally poisoned (-4 -> -28)
A: demonic magic 2
a: no special abilities


You were on level 2 of the Dungeon.
You visited 1 branch of the dungeon, and saw 4 of its levels.

You collected 167 gold pieces.

Inventory:

Hand Weapons
 a - a +2 short sword
 b - a +0 sling
 g - a +2 hand axe of freezing (weapon)
Armour
 l - a +0 leather armour (worn)
 r - a +0 pair of boots (worn)
Scrolls
 c - a scroll of enchant weapon {unknown}
 e - 2 scrolls of enchant armour {unknown}
 h - a scroll of noise {unknown}
 k - a scroll of amnesia {unknown}
 n - a scroll of fear {unknown}
 o - a scroll of vulnerability {unknown}
 q - a scroll of teleportation {unknown}
 s - a scroll of identify {unknown}
Potions
 d - 2 potions of brilliance
 f - a potion of degeneration {unknown}
 m - a potion of lignification


   Skills:
 + Level 2.1 Fighting
 - Level 1.7(2.1) Short Blades
 + Level 1.4(1.9) Long Blades
 - Level 1.7 Ranged Weapons
 - Level 3.6 Armour
 + Level 1.4 Dodging
 - Level 1.0 Stealth
 + Level 1.4 Shields


You had 3 spell levels left.
You didn't know any spells.
Your spell library contained the following spells:

 Spells                   Type           Power      Damage    Failure   Level
 Freeze                   Ice            0%         1d3       34%         1
 Slow                     Hex            0%         N/A       34%         1
 Confusing Touch          Hex            0%         N/A       71%         3
 Frozen Ramparts          Ice            0%         1d1       71%         3
 Hailstorm                Conj/Ice       0%         3d3       71%         3
 Vampiric Draining        Necr           0%         2d6       71%         3


Dungeon Overview and Level Annotations

Branches:
Dungeon (4/15)
 Temple: D:4-7

Altars:


Innate Abilities, Weirdness & Mutations

Spells you cast may paralyse nearby enemies.


Message History

The gnoll hits you but does no damage.
You feel very sick. The gnoll hits you but does no damage.
You feel sick. The gnoll hits you but does no damage.
You feel sick. The gnoll hits you but does no damage.
You feel sick.
The gnoll hits you from afar with a +2 spear of venom.
You feel sick. The gnoll hits you but does no damage.
You feel sick. The gnoll hits you but does no damage.
You feel sick. The gnoll hits you but does no damage.
You feel sick. The gnoll hits you but does no damage.
You feel sick.
You are no longer poisoned.
The gnoll hits you from afar with a +2 spear of venom.
Your transformation is almost over.
The gnoll hits you but does no damage. The gnoll hits you but does no damage.
You are poisoned.
You feel sick.
The gnoll hits you from afar with a +2 spear of venom.
* * * LOW HITPOINT WARNING * * *
You feel better. The gnoll hits you but does no damage.
You cannot move.
The gnoll hits you from afar with a +2 spear of venom.
The gnoll hits you from afar with a +2 spear of venom.
* * * LOW HITPOINT WARNING * * *
You are poisoned.
* * * LOW HITPOINT WARNING * * *
You feel very sick. The gnoll hits you but does no damage.
You are lethally poisoned!
* * * LOW HITPOINT WARNING * * *
You feel very sick.
The gnoll hits you from afar with a +2 spear of venom.
* * * LOW HITPOINT WARNING * * *
You are more poisoned.
You feel less wooden.
Your +0 pair of boots unmelds from your body.
Your +0 leather armour unmelds from your body.
You die...

### ######..
###########.(.##.#
#@)..............#
#)#########...####
#.....g.......#
#.......
#..............
#....###
#.....!...?..$.
#....###
#######.#).....
#....... #.#.###+#
#...#### #.#..
##### ......


You could see a gnoll.

Vanquished Creatures
  3 gnolls (D:2)
  An adder (D:4)
  5 ball pythons
  3 endoplasms
  A giant cockroach (D:1)
  4 goblins
  2 hobgoblins
  A jackal (D:1)
  4 kobolds
  3 quokkas
  2 bats
  3 frilled lizards
  A rat (D:1)
33 creatures vanquished.

Notes
Turn   | Place    | Note
-------+----------+-------------------------------------------
     0 | D:1      | wormed the Demonspawn Wanderer began the quest for the Orb.
     0 | D:1      | wormed set off with the following items: a +2 short sword,
                  | a +0 sling, a +0 ring mail, a potion of brilliance.
     0 | D:1      | Reached XP level 1. HP: 15/15 MP: 1/1
   416 | D:1      | Gained mutation: Spells you cast may paralyse adjacent
                  | enemies. [demonic ancestry]
   416 | D:1      | Reached XP level 2. HP: 21/21 MP: 2/2
   988 | D:2      | You fall into a shaft and drop 2 floors!
  1020 | D:4      | Reached skill level 1 in Long Blades
  1020 | D:4      | Reached skill level 1 in Shields
  1077 | D:4      | Gained mutation: Spells you cast may paralyse nearby
                  | enemies. [demonic ancestry]
  1077 | D:4      | Reached XP level 3. HP: 23/27 MP: 3/3
  1081 | D:4      | Reached skill level 1 in Dodging
  1617 | D:2      | Reached XP level 4. HP: 33/33 MP: 4/4
  1642 | D:2      | HP: 1/49 [gnoll/+2 spear of venom (5)]
  1643 | D:2      | Succumbed to a gnoll's poison

Illustrated notes

Levels and vault maps discovered:
D:1:      lemuel_arrival_behind_the_door_large, layout_basic,
          minmay_misc_feat_roman, st_stairs_5, amethyst_killhole,
          minmay_door_square, hex_large
D:2:      layout_basic
D:3:      layout_basic, interstate_on_off, minmay_misc_feat_rows,
          grunt_decor_one_mirror, uniq_terence, uniq_grinder, uniq_natasha
D:4:      nicolae_BIG_FREAKIN_CUBE, layout_loops_cross, minivault_26,
          uniq_crazy_yiuf_cottage

Skill      XL: |  1  2  3 |
---------------+----------+-----
Long Blades    | 1 |  1.4
Shields        | 1 |  1.4
Dodging        | 1 |  1.4
Fighting       | 2 |  2.1
Short Blades   | |  1.7
Ranged Weapons | |  1.7
Armour         | |  3.6
Stealth        | |  1.0

Action                   |  1- 3 |  4- 6 || total
-------------------------+-------+-------++-------
Melee: Hand axe          |    89 |       ||    89
  Use: Potion            |     5 |     1 ||     6
Armor: Ring mail         |    13 |       ||    13
       Leather armour    |    11 |       ||    11
       Skin              |    28 |    19 ||    47
Dodge: Dodged            |    63 |     1 ||    64

Table legend: (Time is in decaauts)
 A = Elapsed time spent in this place.
 B = Non-inter-level travel time spent in this place.
 C = Inter-level travel time spent in this place.
 D = Time resting spent in this place.
 E = Time spent auto-exploring this place.
 F = Levels seen in this place.
 G = Mean time per level.
                   A        B        C        D        E       F      G
               +--------+--------+--------+--------+--------+-----+--------+
         Total |   1668 |   1588 |     80 |      0 |   1274 |   4 |  417.0 |
       Dungeon |   1668 |   1588 |     80 |      0 |   1274 |   4 |  417.0 |
               +--------+--------+--------+--------+--------+-----+--------+

Top non-repeatable levels by time:
     D:1: 897 daAuts
     D:2: 536 daAuts
     D:4: 214 daAuts
     D:3: 19 daAuts
